 Dungeon Crawl Stone Soup version 0.23.2-30-g0e89c35649 (webtiles) character file.

Game seed: 11880296376618171369

148 jjfam the Shield-Bearer (level 5, -3/46 HPs)
             Began as a Hill Orc Fighter on June 11, 2019.
             Slain by an orc
             ... wielding a +2 flail of protection
              (4 damage)
             ... on level 3 of the Dungeon.
             The game lasted 00:04:39 (2578 turns).

jjfam the Shield-Bearer (Hill Orc Fighter)          Turns: 2578, Time: 00:04:39

Health: -3/46      AC:  8    Str: 20    XL:     5   Next: 30%
Magic:  5/5        EV:  8    Int:  8    God:
Gold:   44         SH:  9    Dex: 10    Spells: 4/4 levels left

rFire    . . .     SeeInvis .   a - +0 war axe
rCold    . . .     Gourm    .   c - +0 shield
rNeg     . . .     Faith    .   b - +0 scale mail
rPois    .         Spirit   .   (no helmet)
rElec    .         Reflect  .   (no cloak)
rCorr    .         Harm     .   i - +0 pair of gloves
MR       .....                  (no boots)
Stlth    ..........             (no amulet)
HPRegen  0.15/turn              (no ring)
MPRegen  0.09/turn              (no ring)

@: no status effects
A: no striking features
a: no special abilities


You were on level 3 of the Dungeon.
You were hungry.

You visited 1 branch of the dungeon, and saw 3 of its levels.

You collected 44 gold pieces.

Inventory:

Hand Weapons
 a - a +0 war axe (weapon)
Armour
 b - a +0 scale mail (worn)
 c - a +0 shield (worn)
 i - a +0 pair of gloves (worn)
Jewellery
 e - an uncursed ring of stealth
Scrolls
 g - a scroll of immolation {unknown}
 j - 2 scrolls of fog {unknown}
 m - a scroll of identify {unknown}
Potions
 d - a potion of might
 h - a potion of invisibility {unknown}
 k - a potion of ambrosia {unknown}
 l - 2 potions of cancellation {unknown}
 n - a potion of mutation {unknown}
Comestibles
 f - 6 rations
 o - 4 chunks of flesh


   Skills:
 + Level 4.2 Fighting
 + Level 4.2 Axes
 + Level 3.8 Armour
 + Level 1.3 Dodging
 + Level 4.4 Shields


You had 4 spell levels left.
You didn't know any spells.
Your spell library was empty.

Dungeon Overview and Level Annotations

Branches:
Dungeon (3/15)

Altars:
Nemelex Xobeh


Message History

* * * LOW HITPOINT WARNING * * *
You barely miss the orc.
The orc is lightly wounded.
You barely miss the orc. The orc barely misses you. You block the orc's attack.
Your shield and scale mail prevent you from hitting the orc.
The orc is lightly wounded.
Your shield and scale mail prevent you from hitting the orc.
The orc closely misses you.
The orc hits you with a +2 flail of protection.
* * * LOW HITPOINT WARNING * * *
The orc closely misses you.
Your shield prevents you from hitting the orc.
The orc is lightly wounded.
You closely miss the orc. The orc hits you but does no damage.
You block the orc's attack.
You slash the orc!
You kill the orc!
You barely miss the orc. You block the orc's attack.
The orc hits you with a +2 flail of protection.
You die...

#.. ... #.### ...
#.#?#.... ######
#.#.#... # #....#
#.#... ..#
##...)####.#.##...#
#...o)..%.........#
#...@)###....##...###
#...).# #.?..<......#
#.....# #%..#.#.###.#
#.....>...........
#......##.#...#.###
#.####.##.#####[# #?
..... # ## ..... ..


You could see an orc.

Vanquished Creatures
  2 orc priests (D:3)
  3 adders (D:2)
  An ooze (D:1)
  3 worms
  A leopard gecko (D:1)
  2 orcs (D:3)
  3 bats
  A giant cockroach (D:2)
  4 goblins
  5 hobgoblins
  3 jackals (D:1)
  2 quokkas (D:2)
  5 frilled lizards
  11 kobolds
  3 rats
49 creatures vanquished.

Notes
Turn   | Place    | Note
-------+----------+-------------------------------------------
     0 | D:1      | jjfam the Hill Orc Fighter began the quest for the Orb.
     0 | D:1      | Reached XP level 1. HP: 19/19 MP: 1/1
  1085 | D:1      | Reached XP level 2. HP: 23/27 MP: 2/2
  1349 | D:1      | Reached XP level 3. HP: 32/33 MP: 3/3
  1949 | D:2      | Reached XP level 4. HP: 39/40 MP: 4/4
  2443 | D:2      | Found a sparkling altar of Nemelex Xobeh.
  2453 | D:2      | Reached skill level 1 in Dodging
  2568 | D:3      | Reached XP level 5. HP: 23/46 MP: 5/5
  2576 | D:3      | HP: 1/46 [orc/+2 flail of protection (5)]
  2578 | D:3      | Slain by an orc

Skill      XL: |  1  2  3  4 |
---------------+-------------+-----
Fighting       | 4 |  4.2
Axes           | 3 4 |  4.2
Shields        | 4 |  4.4
Dodging        | 1 |  1.3
Armour         | |  3.8

Action                   |  1- 3 |  4- 6 || total
-------------------------+-------+-------++-------
Melee: War axe           |   129 |    52 ||   181
  Eat: Chunk             |     3 |     2 ||     5
Armor: Scale mail        |    67 |    17 ||    84
Dodge: Dodged            |    40 |    19 ||    59
Block: Shield            |    67 |    38 ||   105
